 Dungeon Crawl Stone Soup version 0.30-a0-782-ge64f9170bb (webtiles) character file.

Game seed: 1403722293508703775

6 mopl the Grasshopper (level 1, -4/12 HPs)
             Began as a Tengu Warper on Mar 13, 2023.
             Slain by a kobold
             ... wielding a +4 dagger
              (5 damage)
             ... on level 1 of the Dungeon.
             The game lasted 00:00:22 (228 turns).

mopl the Grasshopper (Tengu Warper)                  Turns: 228, Time: 00:00:23

Health: -4/12      AC:  3    Str: 11    XL:     1   Next: 90%
Magic:  4/4        EV: 12    Int: 13    God:
Gold:   12         SH:  0    Dex: 13    Spells: 4/4 levels left

rFire   . . .      SeeInvis .    a - +0 falchion
rCold   . . .      Faith    .    (no shield)
rNeg    . . .      Spirit   .    b - +0 leather armour
rPois   .          Reflect  .    (helmet restricted)
rElec   .          Harm     .    (no cloak)
rCorr   .          Rampage  .    (no gloves)
Will    .....                    (boots unavailable)
Stlth   +                        (no amulet)
HPRegen 0.22/turn                (no ring)
MPRegen 0.09/turn                (no ring)

@: no status effects
A: beak, talons 3
a: no special abilities


You were on level 1 of the Dungeon.
You visited 1 branch of the dungeon, and saw 1 of its levels.

You collected 12 gold pieces.

Inventory:

Hand Weapons
 a - a +0 falchion (weapon)
Missiles
 d - 7 boomerangs of dispersal (quivered)
Armour
 b - a +0 leather armour (worn)
 f - a +0 chain mail
Scrolls
 c - a scroll of blinking
 e - a scroll of identify {unknown}
 g - a scroll of fog {unknown}
Potions
 h - a potion of brilliance {unknown}


   Skills:
 + Level 2.0 Fighting
 * Level 2.4 Long Blades
 + Level 1.1 Throwing
 + Level 1.3 Armour
 + Level 2.2 Dodging
 - Level 2.0 Spellcasting
 + Level 2.4 Translocations


You had 4 spell levels left.
You didn't know any spells.
Your spell library contained the following spells:

 Spells                   Type           Power      Damage    Failure   Level
 Blink                    Tloc           14%        N/A       19%         2
 Lesser Beckoning         Tloc           14%        N/A       19%         2
 Teleport Other           Tloc           7%         N/A       36%         3
 Vhi's Electric Charge    Tloc/Air       8%         N/A       52%         3
 Manifold Assault         Tloc           7%         N/A       77%         4


Dungeon Overview and Level Annotations

Branches:
Dungeon (1/15)

Altars:


Innate Abilities, Weirdness & Mutations

You have a beak for a mouth.
You have claws for feet.


Message History

No target in view!
h - an emerald potion You open the door.
An endoplasm comes into view.
The endoplasm misses you.
There is an open door here.
You hit the endoplasm but do no damage.
The endoplasm hits you but does no damage.
You hit the endoplasm. Your kick misses the endoplasm.
The endoplasm is moderately wounded.
The endoplasm closely misses you.
You slash the endoplasm!
You kill the endoplasm!
No target in view!
No target in view!
As you open the door, it creaks loudly!
No target in view!
You open the door.
A kobold comes into view. It is wielding a +4 dagger.
The kobold shouts!
You hear an angry hiss.
The kobold throws a stone.
The stone hits you but does no damage.
There is an open door here.
A gnoll comes into view. It is wielding a +0 spear.
The kobold throws a stone.
The stone closely misses you.
A ball python comes into view.
The gnoll hits you with a +0 spear. The ball python barely misses you.
The ball python misses you.
You hit the gnoll. Your peck misses the gnoll.
The gnoll is moderately wounded.
The gnoll hits you with a +0 spear.
Ouch! That really hurt!
* * * LOW HITPOINT WARNING * * *
The ball python closely misses you. The ball python grabs you.
The ball python constricts you.
* * * LOW HITPOINT WARNING * * *
You are too injured to fight recklessly!
You are too injured to fight recklessly!
You escape the ball python's grasp.
The kobold attacks as you move away! The kobold hits you with a +4 dagger.
You die...

#.# ### #.# # ... ..#
.# #..##.###.#
###..#......
..........#.#
#...KgS...# #@# #.#
#.# ##'## ##...## ##
##.....## #.
##.......# ###'
#........# ######...
+.......######........


You could see a gnoll, a ball python and a kobold.

Vanquished Creatures
  An endoplasm (D:1)
  A goblin (D:1)
  2 hobgoblins (D:1)
  A ball python (D:1)
5 creatures vanquished.

Notes
Turn   | Place    | Note
-------+----------+-------------------------------------------
     0 | D:1      | mopl the Tengu Warper began the quest for the Orb.
     0 | D:1      | Reached XP level 1. HP: 12/12 MP: 4/4
   228 | D:1      | Slain by a kobold

Illustrated notes

Levels and vault maps discovered:
D:1:      tekkud_arrival_beachfront_property, layout_loops_corners

Action                     || total
---------------------------++-------
  Melee: Falchion          ||    15
         Kick              ||     2
         Peck              ||     1
 Armour: Leather armour    ||     3
  Dodge: Dodged            ||    12

Table legend: (Time is in decaauts)
 A = Elapsed time spent in this place.
 B = Non-inter-level travel time spent in this place.
 C = Inter-level travel time spent in this place.
 D = Time resting spent in this place.
 E = Time spent auto-exploring this place.
 F = Levels seen in this place.
 G = Mean time per level.
                   A        B        C        D        E       F      G
               +--------+--------+--------+--------+--------+-----+--------+
         Total |    230 |    230 |      0 |      0 |    189 |   1 |  230.0 |
       Dungeon |    230 |    230 |      0 |      0 |    189 |   1 |  230.0 |
               +--------+--------+--------+--------+--------+-----+--------+

Top non-repeatable levels by time:
     D:1: 230 daAuts
